 Dungeon Crawl Stone Soup version 0.27.1-4-g1640c2035a (webtiles) character file.

Game seed: 2845925706891908268

1241 Crownlay the Magician (level 8, -8/41 HPs)
             Began as a Gargoyle Earth Elementalist on Nov 6, 2021.
             Mangled by an ogre (23 damage)
             ... on level 5 of the Dungeon.
             The game lasted 00:09:31 (5676 turns).

Crownlay the Magician (Gargoyle Earth Elementalist) Turns: 5676, Time: 00:09:32

Health: -8/41      AC:  8    Str: 12    XL:     8   Next: 49%
Magic:  5/19       EV: 12    Int: 18    God:
Gold:   121        SH:  0    Dex: 16    Spells: 18/22 levels left

rFire    . . .     SeeInvis .   u - +0 dagger (drain)
rCold    + . .     Faith    .   (no shield)
rNeg     + . .     Spirit   .   b - +0 robe
rPois    ∞         Reflect  .   j - +0 helmet
rElec    +         Harm     .   (no cloak)
rCorr    .         Rampage  .   (no gloves)
Will     .....                  (no boots)
Stlth    ++........             (no amulet)
HPRegen  0.13/turn              d - ring of protection from cold
MPRegen  0.16/turn              i - +6 ring of dexterity

@: no status effects
A: sickness immunity, AC +5, negative energy resistance 1, electricity
resistance, torment resistance 1, petrification resistance
a: no special abilities


You were on level 5 of the Dungeon.
You visited 1 branch of the dungeon, and saw 5 of its levels.
You also visited: Sewer.

You collected 211 gold pieces.
You spent 90 gold pieces at shops.

Inventory:

Hand Weapons
 u - a +0 dagger of draining (weapon)
Missiles
 c - 14 stones
 t - 2 throwing nets
Armour
 b - a +0 robe (worn)
 j - a +0 helmet (worn)
Magical Staves
 s - a staff of conjuration
Jewellery
 d - a ring of protection from cold (left hand)
 i - a +6 ring of dexterity (right hand)
 q - a ring of fire
 z - a ring of protection from fire
Scrolls
 a - 2 scrolls of torment
 g - 2 scrolls of noise
 h - a scroll of identify
 l - 2 scrolls of amnesia
 m - 2 scrolls of teleportation
 n - 2 scrolls of enchant weapon
 o - a scroll of silence
 y - 2 scrolls of fog
Potions
 e - 4 potions of brilliance
 f - 2 potions of haste
 k - 2 potions of might
 p - 2 potions of curing {unknown}
 r - a potion of cancellation {unknown}
 v - 2 potions of mutation
 w - 2 potions of heal wounds
 x - a potion of lignification {unknown}


   Skills:
 - Level 1.5 Dodging
 - Level 2.1 Stealth
 * Level 7.7 Spellcasting
 - Level 0.7 Transmutations
 + Level 7.7 Earth Magic


You had 18 spell levels left.
You knew the following spells:

 Your Spells              Type           Power      Damage    Failure   Level
a - Sandblast             Erth           68%        2d15      1%          1
b - Stone Arrow           Conj/Erth      40%        3d9       6%          3

Your spell library contained the following spells:

 Spells                   Type           Power      Damage    Failure   Level
 Passwall                 Tmut/Erth      18%        N/A       2%          2
 Petrify                  Tmut/Erth      22%        N/A       17%         4
 Inner Flame              Hex/Fire       6%         N/A       30%         3
 Cause Fear               Hex            3%         N/A       69%         4
 Discord                  Hex            3%         N/A       100%        8


Dungeon Overview and Level Annotations

Branches:
Dungeon (5/15)              Sewer (visited)
 Temple: D:4-7

Altars:
Cheibriados
Dithmenos
Gozag
Nemelex Xobeh
Ru
Sif Muna

Shops:
D:4 ?


Innate Abilities, Weirdness & Mutations

You are immune to sickness and miasma.
Your stone body is resilient. (AC +5)
You are immune to poison.
You resist negative energy. (rN+)
You are resistant to electric shocks. (rElec)
You are resistant to unholy torment.
You are immune to petrification.


Message History

You open the large door.
A troll and a phantom come into view.
Found 64 gold pieces.
An adder comes into view.
There is a large open door here.
The stone arrow misses the phantom.
The stone arrow misses the phantom.
The adder hisses angrily.
You hear a shout!
The blast of sand hits the phantom!
The phantom is moderately damaged.
The troll shouts!
An ogre comes into view. It is wielding a +0 giant club.
The blast of sand misses the phantom.
The phantom closely misses you.
The blast of sand hits the phantom!
The phantom is severely damaged.
The phantom barely misses you.
The blast of sand hits the phantom.
The phantom is severely damaged.
The phantom closely misses you.
The blast of sand hits the phantom!!
You destroy the phantom!
The adder bites you but does no damage. x2
The blast of sand misses the adder.
The blast of sand hits the ogre!
The ogre is heavily wounded.
The adder bites you.
The blast of sand hits the troll.
The troll is lightly wounded.
The adder barely misses you. The troll barely misses you. x2
The troll completely misses you.
The blast of sand hits the troll!
The troll is heavily wounded.
The adder misses you. The troll misses you. x2
The troll claws you but does no damage. The adder barely misses you.
The blast of sand hits the troll.
The troll is heavily wounded.
The adder bites you. The troll bites you!
The troll claws you but does no damage. The troll claws you!
The ogre hits you with a +0 giant club!!
Ouch! That really hurt!
You die...

########...# #...
###...# #...
#.....########... ####
#.....#.......... #....#
#.....#.......###
......##.....#.......#..
#$$#..##....#.......#..
#$.SO.....#.......+.)
#$.T@.#...#.......#..
#$$#..##...(#.......#..
....##.....#.......#..
#....##......#.......#..
######.......'.......#..
#...#######.......#..
#...#.............#+#
#...'[...............
#...#.....≈≈≈........


You could see a troll, an ogre and an adder.

Vanquished Creatures
  Duvessa (D:5)
  An ogre (D:5)
  3 necrophages (D:5)
  2 phantoms (D:5)
  2 kobold brigands
  A water moccasin zombie (D:5)
  Dowan (D:5)
  A bullfrog zombie (D:5)
  2 hounds
  A jelly (D:5)
  Jessica (D:3)
  4 iguanas
  5 adders
  An adder skeleton (D:4)
  3 worms
  2 dart slugs
  6 orcs
  2 endoplasms
  6 giant cockroaches
  3 goblins
  3 hobgoblins
  A quokka (D:1)
  6 ball pythons
  11 bats
  4 frilled lizards
  22 kobolds
  12 rats
107 creatures vanquished.

Vanquished Creatures (others)
  13 plants
13 creatures vanquished.

Grand Total: 120 creatures vanquished

Notes
Turn   | Place    | Note
-------+----------+-------------------------------------------
     0 | D:1      | Crownlay the Gargoyle Earth Elementalist began the quest
                  | for the Orb.
     0 | D:1      | Reached XP level 1. HP: 10/10 MP: 3/3
   652 | D:1      | Reached XP level 2. HP: 15/15 MP: 3/5
  1013 | D:1      | Found a faded altar of an unknown god.
  1449 | D:2      | Reached XP level 3. HP: 9/19 MP: 4/7
  2411 | D:3      | Reached XP level 4. HP: 24/24 MP: 5/9
  2465 | D:3      | Learned a level 3 spell: Stone Arrow
  2467 | D:3      | Found an opulent altar of Gozag.
  2499 | D:3      | Found a shimmering blue altar of Sif Muna.
  2499 | D:3      | Found a shadowy altar of Dithmenos.
  2500 | D:3      | Noticed Jessica
  2501 | D:3      | Found a sparkling altar of Nemelex Xobeh.
  2503 | D:3      | Killed Jessica
  2924 | D:4      | Found Dusoxzec's Magic Scroll Boutique.
  2935 | D:4      | Reached XP level 5. HP: 24/28 MP: 2/10
  2937 | D:4      | Bought a scroll of identify for 20 gold pieces
  2937 | D:4      | Bought 2 scrolls of identify for 40 gold pieces
  2937 | D:4      | Bought a scroll of noise for 10 gold pieces
  3012 | D:4      | Reached skill level 5 in Earth Magic
  3050 | D:4      | Noticed a kobold brigand
  3055 | D:4      | Killed a kobold brigand
  3060 | D:4      | Reached XP level 6. HP: 32/32 MP: 4/13
  3184 | D:4      | Found a glowing drain.
  3188 | D:4      | Reached skill level 5 in Spellcasting
  3280 | Sewer    | Entered a sewer
  4171 | D:4      | Found a sacrificial altar of Ru.
  4620 | D:4      | Bought a scroll of fog for 20 gold pieces
  4623 | D:5      | Entered Level 5 of the Dungeon
  4628 | D:5      | Reached XP level 7. HP: 36/36 MP: 11/15
  4738 | D:5      | Noticed Duvessa
  5099 | D:5      | Reached XP level 8. HP: 41/41 MP: 7/18
  5186 | D:5      | Noticed Dowan
  5210 | D:5      | HP: 1/41 [Duvessa (9)]
  5228 | D:5      | Killed Duvessa
  5284 | D:5      | Killed Dowan
  5535 | D:5      | Found a snail-covered altar of Cheibriados.
  5664 | D:5      | Noticed a troll
  5676 | D:5      | Mangled by an ogre

Illustrated notes

Levels and vault maps discovered:
D:1:      dpeg_arrival_more_subterranean_lakeside_camping, layout_basic,
          shapermc_ecumenical_altar_pompeii, hangedman_glass_teeth,
          minivault_26, minivault_24, minmay_box_of_dots
D:2:      layout_rooms
D:3:      layout_rooms, grunt_gozag_breadcrumbs,
          gammafunk_temple_overflow_forgotten, serial_bayou,
          serial_bayou_shore_b, serial_bayou_pond_d, serial_bayou_lagoon_b,
          serial_bayou_shore_b, serial_bayou_pond_c, serial_bayou_crossing,
          uniq_jessica
D:4:      layout_loops_cross, mainiacjoe_overflow_catwalk,
          gup_sewer_entry_glass, nicolae_stop_n_shop_1, lexackson_kobold_supper
D:5:      minmay_polygon_palace, layout_gridville, kennysheep_slug_shrine,
          mainiacjoe_overflow_small_starburst, nicolae_uskayaw_suspiria,
          minmay_between, uniq_eustachio, uniq_duvessa, uniq_menkaure

Skill      XL: |  1  2  3  4  5  6  7  8 |
---------------+-------------------------+-----
Earth Magic    | 4 5 6 7 |  7.7
Spellcasting   | 3 4 5 6 7 |  7.7
Dodging        | |  1.5
Stealth        | |  2.1
Transmutations | |  0.7

Action                   |  1- 3 |  4- 6 |  7- 9 || total
-------------------------+-------+-------+-------++-------
Melee: Unarmed           |    32 |       |       ||    32
       Dagger            |    53 |    69 |    17 ||   139
 Cast: Sandblast         |    37 |    65 |    44 ||   146
       Stone Arrow       |       |     2 |    18 ||    20
  Use: Scroll            |     1 |     9 |       ||    10
       Potion            |       |       |     4 ||     4
 Stab: Sleeping          |     5 |     2 |     2 ||     9
Armor: Robe              |    39 |    42 |    20 ||   101
Dodge: Dodged            |    79 |    90 |    25 ||   194
